r e k t, neutral male scurrid Tourist .-- .@. .|. r e k t the Rambler Experience level: 1 Strength: 9 Dexterity: 10 Constitution: 14 Intelligence: 16 Wisdom: 11 Charisma: 15 Health: 4(9) Energy: 2(2) Def: 0 Gold: 809 Moves: 88 Dungeon seed: -Rox_yXQ47XWmhgF Game ID: r e k t_1498625071 Your Inventory: Coins $ - 809 gold pieces Weapons a - 49 uncursed +2 darts (in quiver) Armor e - an uncursed +0 Hawaiian shirt (being worn) Comestibles b - an uncursed cram ration c - 2 uncursed tripe rations d - an uncursed pancake f - 2 uncursed tins of lichen g - 2 uncursed chestnuts h - an uncursed food ration i - an uncursed lembas wafer Scrolls k - 3 uncursed scrolls of magic mapping l - a blessed scroll of magic mapping Potions j - 2 uncursed potions of extra healing Wands o - an uncursed wand of secret door detection (0:15) Tools m - an uncursed expensive camera (0:83) n - an uncursed credit card p - an uncursed leash Spells and supernatural/magical abilities: Name Level Category Fail Memory W - pray for help -- divine ? -- Your skills at the end: Miscellaneous Skills wands [Basic] Weapon Skills dart [Basic] Spellcasting Skills Final Attributes: You were devoutly aligned. You had infravision. You were very stealthy. You survived. Voluntary challenges: You went without food. You did not adorn yourself with jewelry or accessories. You did not cause conflict. You were not invisible. You did not have reflection. You were not displaced. You were an atheist. You never hit with a wielded weapon. You were a pacifist. You did not use tools. You did not use plumbed fixtures. You did not drink any magical draughts. You were illiterate. You never genocided any monsters. You never polymorphed an object. You never changed form. You used no wishes. You never split a pudding. You never wrote Elbereth's name. You never violated your personal moral code. Dungeon overview: The Dungeons of Doom: levels 1 to 31 Level 1 a long staircase Level 2 Level 3 Level 4 Level 5 a fountain Level 6 Level 7 Level 8 Level 9 Level 10 Level 11 a fountain Level 12 Level 13 Level 14 a weapon shop Level 15 Level 16 Level 17 Level 18 Level 19 Level 20 Level 21 Level 22 Level 23 Level 24 Level 25 Level 26 many trees Level 27 Level 28 Level 29 Level 30 Level 31 <- You were here History has recorded: On T:1 you entered the Dungeons of Doom to retrieve the Amulet of Yendor! On T:4 you reached level 2 of The Dungeons of Doom. On T:6 you reached level 3 of The Dungeons of Doom. On T:8 you reached level 4 of The Dungeons of Doom. On T:10 you reached level 5 of The Dungeons of Doom. On T:13 you reached level 6 of The Dungeons of Doom. On T:15 you reached level 7 of The Dungeons of Doom. On T:17 you reached level 8 of The Dungeons of Doom. On T:19 you reached level 9 of The Dungeons of Doom. On T:22 you reached level 10 of The Dungeons of Doom. On T:25 you reached level 11 of The Dungeons of Doom. On T:28 you reached level 12 of The Dungeons of Doom. On T:30 you reached level 13 of The Dungeons of Doom. On T:32 you reached level 14 of The Dungeons of Doom. On T:34 you reached level 15 of The Dungeons of Doom. On T:34 you entered the Rogue tribute level. On T:37 you reached level 16 of The Dungeons of Doom. On T:39 you reached level 17 of The Dungeons of Doom. On T:41 you reached level 18 of The Dungeons of Doom. On T:47 you reached level 20 of The Dungeons of Doom. On T:49 you reached level 21 of The Dungeons of Doom. On T:52 you reached level 22 of The Dungeons of Doom. On T:54 you reached level 23 of The Dungeons of Doom. On T:56 you reached level 24 of The Dungeons of Doom. On T:58 you reached level 25 of The Dungeons of Doom. On T:61 you reached level 26 of The Dungeons of Doom. On T:63 you reached level 27 of The Dungeons of Doom. On T:65 you reached level 28 of The Dungeons of Doom. On T:69 you reached level 29 of The Dungeons of Doom. On T:71 you reached level 30 of The Dungeons of Doom. On T:73 you reached The Castle. Score breakdown: Gold: 0 ( 0 points) Experience: 1 level ( 0 points) Exploration: 31 levels ( 900 points) Discoveries: 0 items ( 0 points) Variety of kills: 0 monsters ( 0 points) Major goal: (nothing yet) ( 0 points) Survival: quit (score multiplied by 3) Total score: 2700 Latest messages: The floor here is too hard to dig in. You continue digging downward. The floor here is too hard to dig in. You continue digging downward. The floor here is too hard to dig in. You continue digging downward. The floor here is too hard to dig in. You continue digging downward. The floor here is too hard to dig in. You continue digging downward. The floor here is too hard to dig in. You continue digging downward. The floor here is too hard to dig in. You continue digging downward. The floor here is too hard to dig in. You continue digging downward. The floor here is too hard to dig in. You continue digging downward. The floor here is too hard to dig in. You hear some noises in the distance. You continue digging downward. The floor here is too hard to dig in. That command is only available in debug mode. Final status: Aloha r e k t the Tourist, quit... You quit in The Dungeons of Doom on dungeon level 31 with 2700 points, and 809 pieces of gold, after 88 moves. You were level 1 with a maximum of 9 hit points when you quit.